 Dungeon Crawl Stone Soup version 0.20-a0-1026-gc3ddcbd (webtiles) character file.

404328 theAP the Slayer (level 23, -2/167 HPs)
             Began as a Gargoyle Fighter on Apr 20, 2017.
             Was an Initiate of Gozag.
             Splashed by a deep elf sorcerer's acid (20 damage)
             ... on level 3 of the Elven Halls on Apr 21, 2017.
             The game lasted 02:01:02 (44130 turns).

theAP the Slayer (Gargoyle Fighter)                Turns: 44130, Time: 02:01:05

Health: -2/167     AC: 59    Str: 29    XL:     23   Next: 37%
Magic:  23/23      EV: 12    Int: 11    God:    Gozag
Gold:   6967       SH: 25    Dex: 20    Spells: 22/22 levels left

rFire    + . .     SeeInvis +   F - +9 demon whip (slash)
rCold    . . .     Gourm    .   P - +1 large shield {reflect}
rNeg     + + .     Faith    +   E - +6 crystal plate armour
rPois    ∞         Spirit   .   T - +0 hat {SInv}
rElec    +         Reflect  +   S - +2 cloak of Neogyagerr {Dex+3}
rCorr    .         Harm     .   o - +0 pair of gloves
MR       ++...                  n - +2 pair of boots
Stlth    ..........             R - amulet of faith
Regen    0.4/turn               Z - ring "Befuerch" {*Slow rF+ rN+ Str+2 Dex+2}
MPRegen  0.2/turn               w - ring "Luidimaf" {MR+ Dex+3}

@: flying
A: big wings, claws 1, talons 1, thin skeletal structure 1, negative energy
resistance 1, electricity resistance, unbreathing, petrification resistance, rot
immunity, AC +17
}: 2/15 runes: decaying, serpentine
a: Stop Flying, Potion Petition, Call Merchant, Bribe Branch, Renounce Religion


You were on level 3 of the Elven Halls.
You worshipped Gozag.
Gozag was greatly pleased with you.
You were not hungry.

You visited 8 branches of the dungeon, and saw 39 of its levels.
You visited the Abyss 1 time.
You also visited: Trove.

You collected 20995 gold pieces.
You spent 3961 gold pieces at shops.
You paid 10067 gold pieces to Gozag.

Inventory:

Hand Weapons
 F - a +9 demon whip of slashing (weapon)
Armour
 n - a +2 pair of boots (worn)
 o - a +0 pair of gloves (worn)
 E - a +6 crystal plate armour (worn)
 P - a +1 large shield of reflection (worn)
 S - the +2 cloak of Neogyagerr (worn) {Dex+3}
   (You bought it in a shop on level 3 of the Lair of Beasts)

   It affects your dexterity (+3).
 T - a +0 hat of see invisible (worn)
 U - the +5 chain mail of Wrong Decisions {rElec rCorr Str+3 Int+4}
   (You found it in a treasure trove)

   It affects your strength (+3).
   It affects your intelligence (+4).
   It insulates you from electricity.
   It protects you from acid and corrosion.
Jewellery
 a - an uncursed ring of magical power
 i - an uncursed ring of positive energy
 j - an uncursed ring of resist corrosion
 q - a +3 ring of strength
 w - the ring "Luidimaf" (right hand) {MR+ Dex+3}
   (You found it on level 3 of the Snake Pit)

   [ring of protection from magic]

   It affects your dexterity (+3).
   It affects your resistance to hostile enchantments.
 O - a +3 ring of evasion
 Q - a cursed -3 ring of intelligence
 R - an amulet of faith (around neck)
 Y - an uncursed ring of positive energy
 Z - the ring "Befuerch" (left hand) {*Slow rF+ rN+ Str+2 Dex+2}
   (You found it on level 6 of the Lair of Beasts)

   [ring of strength]

   It affects your strength (+2).
   It affects your dexterity (+2).
   It protects you from fire.
   It protects you from negative energy.
   It may slow you when you take damage.
Wands
 k - a wand of disintegration (8/24)
 r - a wand of confusion (7/48)
 v - a wand of flame (29/48)
 C - a wand of digging (9/24)
 K - a wand of random effects (19/48)
 L - a wand of random effects (20/48)
 V - a wand of confusion (22/48)
Scrolls
 b - 4 scrolls of identify
 c - 3 scrolls of blinking
 m - 13 scrolls of teleportation
 t - 4 scrolls of fog
 u - 14 scrolls of remove curse
 x - 6 scrolls of fear
 y - 8 scrolls of magic mapping
 G - 6 scrolls of recharging
 H - 3 scrolls of enchant weapon
 J - 2 scrolls of summoning
Potions
 d - 5 potions of might
 e - 5 potions of invisibility
 h - 2 potions of magic
 l - 3 potions of haste
 p - 5 potions of brilliance
 s - 6 potions of berserk rage
 z - 2 potions of resistance
 A - 10 potions of curing
 B - 5 potions of lignification
 D - 3 potions of cancellation
 I - 2 potions of agility
 N - a potion of ambrosia
Books
 M - a book of Minor Magic

   Spells                             Type                      Level
   a - Magic Dart                     Conjuration                  1
   b - Blink                          Translocation                2
   c - Call Imp                       Summoning                    2
   d - Slow                           Hexes                        2
   e - Conjure Flame                  Conjuration/Fire             3
   f - Mephitic Cloud                 Conjuration/Poison/Air       3
Miscellaneous
 W - a sack of spiders
 X - a phial of floods
Comestibles
 f - 14 bread rations
 g - 14 meat rations


   Skills:
 - Level 24.2 Fighting
 - Level 16.1 Maces & Flails
 + Level 19.8 Armour
 + Level 9.4 Dodging
 + Level 19.6 Shields


You had 22 spell levels left.
You didn't know any spells.

Dungeon Overview and Level Annotations

Branches:
Dungeon (15/15)            Temple (1/1) D:4            Lair (6/6) D:10
  Swamp (4/4) Lair:4        Snake (4/4) Lair:4        Slime (0/5) Lair:6
    Orc (2/2) D:12            Elf (3/3) Orc:2        Vaults (4/5) D:13
  Crypt (0/3) Vaults:2     Depths (0/5) D:15

Altars:
Ashenzari
Cheibriados
Dithmenos
Elyvilon
Fedhas
Gozag
Hepliaklqana
Kikubaaqudgha
Makhleb
Nemelex Xobeh
Okawaru
Qazlal
Ru
Sif Muna
Trog
Uskayaw
Vehumet
Wu Jian
Xom
Yredelemnul
Zin
The Shining One
Beogh

Shops:
D:8 (   D:10 }%   D:11 [!?*   Orc:2 *}*[(   Elf:3 }   Lair:3 [   Lair:5 *?!?
Snake:1 }


Innate Abilities, Weirdness & Mutations

You are resistant to torment.
Your stone body is resilient. (AC +17)
You are immune to poison.
Your large and strong wings let you fly indefinitely.
You resist negative energy. (rN+)
You are resistant to electric shocks. (rElec)
You can survive without breathing.
You are immune to petrification.
You are immune to rotting.
You have sharp fingernails.
You have sharp toenails.
You have a somewhat thin skeletal structure. (Dex +2, Stealth)


Message History

Found a gateway leading deeper into the Abyss.
There is a corrupted altar of Lugonu here.
You hover solemnly before the altar of Lugonu.
Okay, then.
Found a gateway leading out of the Abyss.
Found a dire flail.
You block the large abomination's attack.
The large abomination hits you!
* * * LOW HITPOINT WARNING * * *
You block the large abomination's attack.
There is a gateway leading out of the Abyss here.
You block the large abomination's attack.
You pass through the gate.
Welcome back to the Elven Halls!
The deep elf sorcerer gestures at you while chanting.
The bolt of acid hits you!
* * * LOW HITPOINT WARNING * * *
You are splashed with acid!
The acid burns!
You die...
Your body crumbles into a pile of gold.

#.# #e# #(# #e######
#...##.# #.$....#
#(#$####
############$#
##........###@####
###...#####....X...#
#....)..# #..###.#.#
#.......###.##
##).######
#...........#
#.......#
#)......###.##
##..####.#
##.......###..###.#.#
#.#
#.##...##.##[.......#
#.#######
.#########[..##...###
#.......#


You could see a deep elf sorcerer, a deep elf demonologist and a large
abomination.

Vanquished Creatures
  Margery (Vaults:3)
  Saint Roka (Orc:2)
  Frederick (Vaults:2)
  Nikola (Snake:4)
  The ghost of Alarkh the Black Belt, an adept DsSk of Okawaru (Elf:3)
  2 deep elf blademasters (Elf:3)
  A deep elf master archer (Elf:3)
  Gastronok (Lair:3)
  A thorn hunter (Swamp:2)
  Kirke (Lair:5)
  2 sphinxes
  Donald (Vaults:1)
  11 nagarajas
  2 fire giants
  A frost giant (Vaults:2)
  2 deep elf sorcerers
  Louise (Swamp:2)
  8 vault wardens
  3 orc warlords
  A deep elf elementalist (Elf:3)
  3 very ugly things
  5 stone giants
  12 ironheart preservers
  An entropy weaver (Vaults:3)
  The ghost of FrancescoMac the Fighter, a journeyman MiBe of Trog (Lair:2)
  5 deep elf demonologists
  6 deep elf annihilators
  3 ettins
  A death ooze (Swamp:4)
  2 deep elf death magi
  4 fire dragons
  2 green deaths (Swamp:4)
  Josephine (Orc:1)
  8 ogre magi
  3 great orbs of eyes
  4 ice dragons
  2 rakshasas
  Harold (Orc:1)
  10 yaktaur captains
  19 naga warriors
  2 hell beasts (Swamp:4)
  A vault guard (Vaults:2)
  18 hydras
  23 two-headed ogres
  13 centaur warriors
  A merfolk avatar (Lair:6)
  3 alligators
  4 death knights
  10 anacondas
  4 death yaks (Lair:6)
  A deep troll shaman (Vaults:4)
  A thrashing horror (Swamp:4)
  2 hell knights (Vaults:3)
  An orc high priest (Orc:2)
  20 deep elf knights
  14 naga sharpshooters
  7 shock serpents
  A shadow wraith (Vaults:4)
  9 salamander mystics
  10 skeletal warriors
  4 deep trolls (Vaults:4)
  An unseen horror (D:10)
  3 sea snakes
  A spriggan druid (Swamp:2)
  2 glowing orange brains
  4 shambling mangroves
  A flayed ghost (Vaults:3)
  13 orc knights
  13 deep elf archers
  5 swamp dragons
  A lindwurm (Lair:5)
  7 necromancers
  6 wizards
  7 naga ritualists
  12 mana vipers
  20 harpies
  A phantasmal warrior (Vaults:2)
  A wolf spider zombie (D:15)
  49 ugly things
  2 oklob plants
  11 ironbrand convokers
  3 cyclopes
  A manticore (Lair:6)
  19 salamanders
  7 orc sorcerers
  2 mana vipers (shapeshifter)
  A wolf spider (Vaults:2)
  61 deep elf magi
  2 shining eyes (Trove)
  19 elephants (Lair:6)
  33 black mambas
  21 naga magi
  Maurice (Orc:2)
  8 guardian serpents
  6 gargoyles
  5 centaur skeletons
  19 vault sentinels
  A spiny frog (shapeshifter) (Vaults:2)
  An eye of devastation (shapeshifter) (Vaults:1)
  3 orange demons (Swamp:4)
  4 rime drakes
  22 spiny frogs
  37 yaktaurs
  2 freezing wraiths
  8 komodo dragons
  A merfolk (shapeshifter) (Elf:3)
  4 polar bears
  23 hornets
  A jumping spider (shapeshifter) (Vaults:3)
  A troll (shapeshifter) (Vaults:4)
  A wind drake (Lair:6)
  15 trolls
  4 tyrant leeches
  Grinder (D:6)
  4 hippogriffs
  A hippogriff (shapeshifter) (Vaults:4)
  13 blink frogs
  9 bog bodies
  42 slime creatures
  A stone giant simulacrum (Vaults:2)
  3 redbacks (Vaults:3)
  3 air elementals
  3 shadows
  A tarantella (Vaults:3)
  4 water elementals
  7 wraiths
  Sigmund (D:3)
  A spriggan (shapeshifter) (Vaults:2)
  A redback (shapeshifter) (D:13)
  A large abomination (Swamp:4)
  10 spriggans
  A hog (shapeshifter) (Elf:3)
  2 hogs (Lair:5)
  2 fire elementals
  5 wyverns
  A hungry ghost (D:14)
  2 basilisks
  2 steam dragons
  A redback simulacrum (D:15)
  72 yaks
  2 vampire mosquitoes (Swamp:4)
  12 insubstantial wisps
  52 nagas
  6 wargs
  18 swamp worms
  An acid dragon (Vaults:2)
  21 water moccasins
  7 porcupines
  4 ice beasts
  5 swamp drakes
  An ettin simulacrum (Vaults:3)
  49 orc warriors
  2 black bears
  2 black bears (shapeshifter)
  An eye of draining (D:14)
  2 phantoms (D:9)
  4 wolves (Lair:4)
  36 ogres
  18 boggarts
  16 centaurs
  16 crocodiles
  3 big kobolds
  A gnoll sergeant (Orc:2)
  17 bullfrogs
  2 human simulacra
  4 earth elementals
  2 wyvern skeletons
  6 scorpions
  18 killer bees
  5 wights (D:15)
  4 electric eels
  7 crimson imps
  3 bullfrog zombies (D:13)
  3 centaur zombies
  4 hounds
  7 jellies
  A gnoll shaman (D:4)
  26 orc priests
  5 bullfrog skeletons
  Terence (D:3)
  7 iguanas
  38 orc wizards
  11 worker ants
  A killer bee zombie (D:6)
  2 worker ant zombies
  18 adders
  8 gnolls
  3 oozes
  An adder zombie (D:9)
  6 worms
  3 dart slugs
  11 leopard geckos
  140 orcs
  A ball python (D:2)
  6 giant cockroaches
  6 goblins
  5 hobgoblins
  10 jackals
  3 quokkas
  9 bats
  5 frilled lizards
  23 kobolds
  A leopard gecko skeleton (D:4)
  A quokka zombie (D:7)
  4 rats
  A fungus (Lair:6)
  A lurking horror (Abyss:3)
1694 creatures vanquished.

Vanquished Creatures (collateral kills)
  A plant (Lair:6)
1 creature vanquished.

Vanquished Creatures (others)
  A deep elf master archer (Elf:3)
  A yaktaur captain (Vaults:4)
  An anaconda (Snake:4)
  25 dancing weapons
  2 deep elf knights
  A naga ritualist (Snake:4)
  3 deep elf archers
  2 cyclopes
  2 black mambas (Snake:4)
  15 yaktaurs
  A dream sheep (shapeshifter) (Vaults:3)
  2 nagas (Snake:4)
  An orc warrior (Orc:2)
  An ogre (Vaults:2)
  A boggart (Vaults:3)
  2 centaurs
  An orc priest (Orc:1)
  2 orc wizards
  2 orcs
  3 bushes
  14 fungi
  26 plants
109 creatures vanquished.

Grand Total: 1804 creatures vanquished

Notes
Turn   | Place    | Note
-------+----------+-------------------------------------------
     0 | D:1      | theAP the Gargoyle Fighter began the quest for the Orb.
     0 | D:1      | Reached XP level 1. HP: 14/14 MP: 1/1
    20 | D:1      | Reached XP level 2. HP: 13/19 MP: 2/2
   166 | D:1      | Reached XP level 3. HP: 13/24 MP: 3/3
   645 | D:1      | Gained mutation: You are agile. (Dex +2) [potion of mutation]
   645 | D:1      | Gained mutation: Your body sometimes deteriorates upon taking damage. [potion of mutation]
   645 | D:1      | Gained mutation: You are surrounded by a mild repulsion field. (EV +2) [potion of mutation]
   844 | D:2      | Reached skill level 4 in Fighting
   920 | D:2      | Reached XP level 4. HP: 27/29 MP: 4/4
  1679 | D:3      | Reached XP level 5. HP: 31/34 MP: 5/5
  1868 | D:3      | Noticed Terence
  1875 | D:3      | Killed Terence
  1954 | D:3      | Noticed Sigmund
  1961 | D:3      | Killed Sigmund
  1961 | D:3      | Reached skill level 5 in Fighting
  1961 | D:3      | Reached skill level 5 in Maces & Flails
  1961 | D:3      | Reached XP level 6. HP: 40/40 MP: 6/6
  2126 | D:3      | Found a blossoming altar of Fedhas.
  2126 | D:3      | Found a shimmering altar of Xom.
  2134 | D:3      | Found a faded altar of an unknown god.
  2137 | D:3      | Found a shadowy altar of Dithmenos.
  2139 | D:3      | Found a snail-covered altar of Cheibriados.
  2369 | D:4      | Found a staircase to the Ecumenical Temple.
  2373 | Temple   | Entered the Ecumenical Temple
  2503 | Temple   | Became a worshipper of Gozag Ym Sagoz the Greedy
  2747 | D:4      | Reached XP level 7. HP: 27/45 MP: 7/7
  2812 | D:4      | Found a hide-covered altar of Uskayaw.
  2888 | D:4      | Reached skill level 6 in Fighting
  3311 | D:5      | Entered Level 5 of the Dungeon
  3428 | D:5      | HP: 2/46 [orc priest/divine providence (15)]
  4010 | D:5      | Reached XP level 8. HP: 52/52 MP: 8/8
  4649 | D:6      | Reached skill level 7 in Fighting
  4744 | D:6      | Noticed Grinder
  4762 | D:6      | Paralysed by Grinder for 7 turns
  4781 | D:6      | Killed Grinder
  4927 | D:6      | Lost mutation: Your body sometimes deteriorates upon taking damage. [potion of mutation]
  4927 | D:6      | Lost mutation: You are agile. (Dex +2) [potion of mutation]
  4927 | D:6      | Gained mutation: You have a pair of small antennae on your head. [potion of mutation]
  4927 | D:6      | Lost mutation: You are surrounded by a mild repulsion field. (EV +2) [potion of mutation]
  4927 | D:6      | Gained mutation: You possess an exceptional clarity of mind. [potion of mutation]
  4927 | D:6      | Gained mutation: Your spells are a little harder to cast, but a little more powerful. [potion of mutation]
  5052 | D:6      | Reached XP level 9. HP: 47/59 MP: 9/9
  5109 | D:6      | Found a radiant altar of Vehumet.
  5317 | D:7      | Reached skill level 8 in Fighting
  5434 | D:7      | Reached skill level 10 in Maces & Flails
  5676 | D:7      | Found a glowing silver altar of Zin.
  5957 | D:8      | Reached skill level 9 in Fighting
  6273 | D:8      | Reached XP level 10. HP: 52/66 MP: 10/10
  6314 | D:8      | Found Xeiso's Antique Weapon Emporium.
  6699 | D:9      | Found a glowing golden altar of the Shining One.
  6713 | D:9      | Found a deep blue altar of Sif Muna.
  6840 | D:9      | Found an opulent altar of Gozag.
  7176 | D:9      | Reached skill level 5 in Armour
  7382 | D:9      | Reached skill level 10 in Fighting
  7563 | D:10     | Entered Level 10 of the Dungeon
  7565 | D:10     | Found a snail-covered altar of Cheibriados.
  7725 | D:10     | Noticed a gargoyle
  7741 | D:10     | Killed a gargoyle
  7843 | D:10     | Noticed a gargoyle
  7871 | D:10     | Killed a gargoyle
  7962 | D:10     | Noticed a gargoyle
  7964 | D:10     | Noticed a gargoyle
  7988 | D:10     | Killed a gargoyle
  7993 | D:10     | Killed a gargoyle
  8181 | D:10     | Noticed a gargoyle
  8186 | D:10     | Reached XP level 11. HP: 68/73 MP: 11/11
  8337 | D:10     | Found a staircase to the Lair.
  8527 | D:10     | Killed an unseen horror
  8527 | D:10     | Reached skill level 11 in Fighting
  8613 | D:10     | Found Xorphusug's Food Emporium.
  8621 | D:10     | Bought a meat ration for 55 gold pieces
  8621 | D:10     | Bought 2 fruits for 33 gold pieces
  8621 | D:10     | Bought a meat ration for 55 gold pieces
  8887 | D:11     | Identified a scroll of acquirement
  9104 | D:11     | Found Tileguce's Specialty Armours.
  9104 | D:11     | Noticed a centaur warrior
  9114 | D:11     | Killed a centaur warrior
  9145 | D:11     | Noticed an eight-headed hydra
  9165 | D:11     | Killed an eight-headed hydra
  9293 | D:11     | Reached skill level 12 in Fighting
  9383 | D:12     | Reached XP level 12. HP: 81/81 MP: 12/12
  9686 | D:12     | Found a staircase to the Orcish Mines.
 10615 | D:13     | Noticed a two-headed ogre
 10624 | D:13     | Killed a two-headed ogre
 10624 | D:13     | Reached skill level 13 in Fighting
 10679 | D:13     | Noticed a centaur warrior
 10690 | D:13     | Killed a centaur warrior
 10938 | D:13     | Noticed a centaur warrior
 10954 | D:13     | Killed a centaur warrior
 11012 | D:13     | Noticed a two-headed ogre
 11013 | D:13     | Noticed a two-headed ogre
 11104 | D:10     | Noticed a centaur warrior
 11110 | D:10     | Killed a centaur warrior
 11136 | Lair:1   | Entered Level 1 of the Lair of Beasts
 12007 | Lair:2   | Noticed FrancescoMac's ghost (journeyman MiBe)
 12054 | Lair:1   | Reached skill level 14 in Fighting
 12054 | Lair:1   | Reached XP level 13. HP: 83/90 MP: 9/13
 12110 | Lair:2   | Killed FrancescoMac's ghost
 12560 | Lair:2   | Reached skill level 5 in Shields
 12666 | Lair:2   | Lost mutation: Your spells are a little harder to cast, but a little more powerful. [potion of mutation]
 12666 | Lair:2   | Lost mutation: You have a pair of small antennae on your head. [potion of mutation]
 12666 | Lair:2   | Lost mutation: You possess an exceptional clarity of mind. [potion of mutation]
 12666 | Lair:2   | Gained mutation: Scrolls take you a little longer to read. [potion of mutation]
 12666 | Lair:2   | Gained mutation: You are agile. (Dex +2) [potion of mutation]
 13224 | Lair:3   | Bought a glowing large shield for 240 gold pieces
 13224 | Lair:3   | Bought a bloodstained cloak for 304 gold pieces
 13229 | Lair:3   | Identified the +2 cloak of Neogyagerr {Dex+3} (You bought it in a shop on level 3 of the Lair of Beasts)
 13392 | Lair:3   | Noticed Gastronok
 13410 | Lair:3   | Killed Gastronok
 13410 | Lair:3   | Reached skill level 15 in Fighting
 14152 | Lair:4   | Reached skill level 15 in Maces & Flails
 14227 | Lair:4   | Found a staircase to the Snake Pit.
 14404 | Lair:4   | Found a staircase to the Swamp.
 14910 | Lair:4   | Gained mutation: Your large and strong wings let you fly indefinitely. [Gargoyle growth]
 14910 | Lair:4   | Reached XP level 14. HP: 90/99 MP: 14/14
 15147 | Lair:5   | Reached skill level 16 in Fighting
 15404 | Lair:5   | Lost mutation: Scrolls take you a little longer to read. [potion of mutation]
 15404 | Lair:5   | Lost mutation: You are agile. (Dex +2) [potion of mutation]
 15404 | Lair:5   | Gained mutation: You are robust. (+10% HP) [potion of mutation]
 15404 | Lair:5   | Gained mutation: Armour fits poorly on your strangely shaped body. [potion of mutation]
 15404 | Lair:5   | Gained mutation: Your mind is acute. (Int +2) [potion of mutation]
 15442 | Lair:5   | Noticed Kirke
 15458 | Lair:5   | Killed Kirke
 15970 | Lair:6   | Entered Level 6 of the Lair of Beasts
 16570 | Lair:6   | Found a staircase to the Slime Pits.
 17044 | Lair:6   | Got a pitted glass ring
 17046 | Lair:6   | Identified the ring "Befuerch" {*Slow rF+ rN+ Str+2 Dex+2} (You found it on level 6 of the Lair of Beasts)
 17066 | Lair:6   | Reached skill level 17 in Fighting
 17304 | Lair:6   | Reached skill level 10 in Armour
 17304 | Lair:6   | Reached skill level 10 in Shields
 17304 | Lair:6   | Reached XP level 15. HP: 117/117 MP: 15/15
 17602 | Lair:6   | Reached XP level 16. HP: 123/123 MP: 16/16
 18224 | Lair:5   | Bought a scroll of teleportation for 54 gold pieces
 18224 | Lair:5   | Bought a scroll of enchant weapon for 135 gold pieces
 18224 | Lair:5   | Bought a scroll of recharging for 171 gold pieces
 18228 | Lair:5   | Bought a scroll of identify for 36 gold pieces
 18231 | Lair:5   | Bought a scroll of enchant armour for 157 gold pieces
 18231 | Lair:5   | Bought a scroll of enchant weapon for 157 gold pieces
 18231 | Lair:5   | Bought a scroll of enchant weapon for 157 gold pieces
 18231 | Lair:5   | Bought a scroll of enchant weapon for 157 gold pieces
 18231 | Lair:5   | Bought a scroll of brand weapon for 420 gold pieces
 18238 | Lair:5   | Bought a potion of mutation for 136 gold pieces
 18238 | Lair:5   | Lost mutation: Armour fits poorly on your strangely shaped body. [potion of mutation]
 18238 | Lair:5   | Lost mutation: You are robust. (+10% HP) [potion of mutation]
 18238 | Lair:5   | Lost mutation: Your mind is acute. (Int +2) [potion of mutation]
 18238 | Lair:5   | Gained mutation: Your magical capacity is low. (-10% MP) [potion of mutation]
 18238 | Lair:5   | Gained mutation: Your spells are a little harder to cast, but a little more powerful. [potion of mutation]
 18416 | Orc:1    | Entered Level 1 of the Orcish Mines
 18457 | Orc:1    | Noticed Josephine
 18483 | Orc:1    | Killed Josephine
 18706 | Orc:2    | Entered Level 2 of the Orcish Mines
 18706 | Orc:2    | Found a roughly hewn altar of Beogh.
 18739 | Orc:2    | Noticed Maurice
 18762 | Orc:2    | Killed Maurice
 18846 | Orc:2    | Found a staircase to the Elven Halls.
 18924 | Orc:2    | Found a roughly hewn altar of Beogh.
 18925 | Orc:2    | Found Zoine's Gadget Shoppe.
 19297 | Orc:2    | Found a roughly hewn altar of Beogh.
 19368 | Orc:2    | Found a roughly hewn altar of Beogh.
 19479 | Orc:2    | Found a roughly hewn altar of Beogh.
 19480 | Orc:2    | Found Myaxkeck's General Store.
 19523 | Orc:2    | Bought a scroll of enchant weapon for 105 gold pieces
 19564 | Orc:2    | Reached skill level 18 in Fighting
 19620 | Orc:2    | Found Xexoum's General Store.
 19649 | Orc:2    | Bought a +2 pair of boots for 264 gold pieces
 19932 | Orc:2    | Noticed Saint Roka
 20425 | Orc:2    | Killed Saint Roka
 20667 | Orc:2    | Found Koq Quan's Antique Weapon Shop.
 20668 | Orc:2    | Found a roughly hewn altar of Beogh.
 20682 | Orc:2    | Found Fozetiff's Antique Armour Boutique.
 20756 | Orc:1    | Noticed Harold
 20760 | Orc:1    | Paralysed by an orc sorcerer for 6 turns
 20790 | Orc:1    | Killed Harold
 21953 | D:13     | Paralysed by an ogre mage for 2 turns
 21957 | D:13     | Paralysed by an ogre mage for 2 turns
 22019 | D:13     | Found a gate to the Vaults.
 22987 | D:14     | Found a shimmering altar of Xom.
 23047 | D:15     | Entered Level 15 of the Dungeon
 23087 | D:15     | Reached skill level 19 in Fighting
 23170 | D:15     | Reached XP level 17. HP: 122/122 MP: 15/15
 23554 | D:15     | Found a portal to a secret trove of treasure.
 23631 | D:15     | Found a staircase to the Depths.
 23910 | Lair:5   | Bought a scroll of identify for 36 gold pieces
 23910 | Lair:5   | Bought a scroll of identify for 36 gold pieces
 23910 | Lair:5   | Bought a scroll of identify for 36 gold pieces
 23911 | Lair:5   | Bought a scroll of identify for 42 gold pieces
 23914 | Lair:5   | Bought a scroll of enchant weapon for 277 gold pieces
 23996 | Snake:1  | Entered Level 1 of the Snake Pit
 23996 | Snake:1  | Found a hide-covered altar of Uskayaw.
 24077 | Snake:1  | Found Taufulil's Gadget Shoppe.
 24285 | Snake:1  | Found a shimmering altar of Xom.
 25700 | Snake:3  | Reached skill level 20 in Fighting
 25805 | Snake:3  | Got a scintillating turquoise ring
 25807 | Snake:3  | Identified the ring "Luidimaf" {MR+ Dex+3} (You found it on level 3 of the Snake Pit)
 26357 | Snake:3  | Reached XP level 18. HP: 124/131 MP: 16/16
 26499 | Snake:4  | Entered Level 4 of the Snake Pit
 26560 | Snake:4  | Noticed Nikola
 26604 | Snake:4  | Killed Nikola
 27119 | Snake:4  | Reached skill level 21 in Fighting
 28405 | Snake:4  | Got a serpentine rune of Zot
 28662 | Snake:4  | Reached XP level 19. HP: 116/139 MP: 17/17
 28847 | Swamp:1  | Entered Level 1 of the Swamp
 29023 | Swamp:1  | Reached skill level 22 in Fighting
 29638 | Swamp:2  | Reached skill level 15 in Shields
 29651 | Swamp:2  | Noticed Louise
 29679 | Swamp:2  | Killed Louise
 29821 | Swamp:2  | Reached skill level 15 in Armour
 30971 | Swamp:4  | Entered Level 4 of the Swamp
 31759 | Swamp:4  | Got a decaying rune of Zot
 32122 | D:11     | Bought a scroll of identify for 30 gold pieces
 32122 | D:11     | Bought a scroll of identify for 30 gold pieces
 32122 | D:11     | Bought a scroll of blinking for 112 gold pieces
 32122 | D:11     | Bought a scroll of teleportation for 45 gold pieces
 32122 | D:11     | Bought a scroll of identify for 30 gold pieces
 32124 | D:11     | Bought a potion of heal wounds for 105 gold pieces
 32124 | D:11     | Bought a potion of curing for 63 gold pieces
 32124 | D:11     | Bought a potion of heal wounds for 105 gold pieces
 32124 | D:11     | Bought a potion of curing for 63 gold pieces
 32124 | D:11     | Bought a potion of heal wounds for 105 gold pieces
 32124 | D:11     | Bought a potion of haste for 210 gold pieces
 32205 | Elf:1    | Entered Level 1 of the Elven Halls
 32404 | Elf:1    | Reached skill level 23 in Fighting
 32616 | Elf:1    | Reached XP level 20. HP: 148/148 MP: 18/18
 32861 | Elf:1    | Identified the Compendium of Calling
 33150 | Elf:2    | Found a huge runed gate.
 33150 | Elf:2    | Found a huge runed gate.
 33150 | Elf:2    | Found a huge runed gate.
 33150 | Elf:2    | Found a huge runed gate.
 33151 | Elf:2    | Found a huge runed gate.
 34357 | Elf:3    | Entered Level 3 of the Elven Halls
 34370 | Elf:3    | Found Etsit's Gadget Emporium.
 34619 | Elf:3    | Noticed a Tzitzimitl
 35107 | Elf:3    | Noticed Alarkh's ghost (adept DsSk)
 35153 | Elf:3    | Killed Alarkh's ghost
 35330 | Elf:3    | Reached skill level 24 in Fighting
 35639 | D:15     | You paid a toll of 18 scrolls of identify to enter a treasure trove
 35640 | Trove    | Entered a treasure trove
 35696 | Trove    | Gained mutation: You occasionally shout uncontrollably at your foes. [a shining eye]
 35699 | Trove    | Gained mutation: Armour fits poorly on your strangely shaped body. [a shining eye]
 35974 | Trove    | Lost mutation: Your spells are a little harder to cast, but a little more powerful. [potion of mutation]
 35974 | Trove    | Lost mutation: You occasionally shout uncontrollably at your foes. [potion of mutation]
 35974 | Trove    | Lost mutation: Armour fits poorly on your strangely shaped body. [potion of mutation]
 35974 | Trove    | Lost mutation: Your magical capacity is low. (-10% MP) [potion of mutation]
 35974 | Trove    | Gained mutation: You passively map a small area around you. [potion of mutation]
 35974 | Trove    | Gained mutation: You are dopey. (Int -2) [potion of mutation]
 35974 | Trove    | Gained mutation: You have sharp toenails. [potion of mutation]
 35974 | Trove    | Gained mutation: You have razor-sharp toenails. [potion of mutation]
 35975 | Trove    | Lost mutation: You are dopey. (Int -2) [potion of mutation]
 35975 | Trove    | Lost mutation: You passively map a small area around you. [potion of mutation]
 35975 | Trove    | Lost mutation: You have razor-sharp toenails. [potion of mutation]
 35975 | Trove    | Lost mutation: You have sharp toenails. [potion of mutation]
 35975 | Trove    | Gained mutation: You are dopey. (Int -2) [potion of mutation]
 35975 | Trove    | Gained mutation: You expend magic power (3 MP) to strengthen your wands. [potion of mutation]
 35975 | Trove    | Gained mutation: You are partially covered in iridescent scales. (AC +2) [potion of mutation]
 35976 | Trove    | Lost mutation: You are partially covered in iridescent scales. (AC +2) [potion of mutation]
 35976 | Trove    | Lost mutation: You are dopey. (Int -2) [potion of mutation]
 35976 | Trove    | Gained mutation: You are agile. (Dex +2) [potion of mutation]
 35976 | Trove    | Gained mutation: Armour fits poorly on your strangely shaped body. [potion of mutation]
 35976 | Trove    | Gained mutation: You have a pair of small horns on your head. [potion of mutation]
 35977 | Trove    | Lost mutation: You expend magic power (3 MP) to strengthen your wands. [potion of mutation]
 35977 | Trove    | Lost mutation: You have a pair of small horns on your head. [potion of mutation]
 35977 | Trove    | Lost mutation: You are agile. (Dex +2) [potion of mutation]
 35977 | Trove    | Gained mutation: You are agile. (Dex +2) [potion of mutation]
 35977 | Trove    | Gained mutation: You are robust. (+10% HP) [potion of mutation]
 35978 | Trove    | Lost mutation: Armour fits poorly on your strangely shaped body. [potion of mutation]
 35978 | Trove    | Lost mutation: You are agile. (Dex +2) [potion of mutation]
 35978 | Trove    | Gained mutation: Your spells are a little harder to cast, but a little more powerful. [potion of mutation]
 35978 | Trove    | Gained mutation: You have supernaturally acute eyesight. (SInv) [potion of mutation]
 35978 | Trove    | Gained mutation: You are partially covered in slimy green scales. (AC +2) [potion of mutation]
 35979 | Trove    | Lost mutation: You have supernaturally acute eyesight. (SInv) [potion of mutation]
 35979 | Trove    | Lost mutation: Your spells are a little harder to cast, but a little more powerful. [potion of mutation]
 35979 | Trove    | Gained mutation: You are partially covered in icy blue scales. (AC +2) [potion of mutation]
 35979 | Trove    | Gained mutation: You have large cloven feet. [potion of mutation]
 35980 | Trove    | Lost mutation: You have large cloven feet. [potion of mutation]
 35980 | Trove    | Lost mutation: You are partially covered in icy blue scales. (AC +2) [potion of mutation]
 35980 | Trove    | Lost mutation: You are robust. (+10% HP) [potion of mutation]
 35980 | Trove    | Gained mutation: You have very sharp teeth. [potion of mutation]
 35980 | Trove    | Gained mutation: You can translocate small distances at will. [potion of mutation]
 35980 | Trove    | Gained mutation: Your mind is acute. (Int +2) [potion of mutation]
 35981 | Trove    | Lost mutation: Your mind is acute. (Int +2) [potion of mutation]
 35981 | Trove    | Lost mutation: You have very sharp teeth. [potion of mutation]
 35981 | Trove    | Lost mutation: You are partially covered in slimy green scales. (AC +2) [potion of mutation]
 35981 | Trove    | Gained mutation: You possess an exceptional clarity of mind. [potion of mutation]
 35981 | Trove    | Gained mutation: Your mind is acute. (Int +2) [potion of mutation]
 35982 | Trove    | Lost mutation: Your mind is acute. (Int +2) [potion of mutation]
 35982 | Trove    | Lost mutation: You possess an exceptional clarity of mind. [potion of mutation]
 35982 | Trove    | Lost mutation: You can translocate small distances at will. [potion of mutation]
 35982 | Trove    | Gained mutation: You have a pair of small antennae on your head. [potion of mutation]
 35982 | Trove    | Gained mutation: Armour fits poorly on your strangely shaped body. [potion of mutation]
 35982 | Trove    | Gained mutation: You are agile. (Dex +2) [potion of mutation]
 35983 | Trove    | Lost mutation: You have a pair of small antennae on your head. [potion of mutation]
 35983 | Trove    | Lost mutation: You are agile. (Dex +2) [potion of mutation]
 35983 | Trove    | Lost mutation: Armour fits poorly on your strangely shaped body. [potion of mutation]
 35983 | Trove    | Gained mutation: Scrolls take you a little longer to read. [potion of mutation]
 35983 | Trove    | Gained mutation: You are agile. (Dex +2) [potion of mutation]
 35983 | Trove    | Gained mutation: You are somewhat resistant to further mutation. [potion of mutation]
 35984 | Trove    | Lost mutation: Scrolls take you a little longer to read. [potion of mutation]
 35984 | Trove    | Lost mutation: You are agile. (Dex +2) [potion of mutation]
 35984 | Trove    | Lost mutation: You are somewhat resistant to further mutation. [potion of mutation]
 35984 | Trove    | Gained mutation: You are frail. (-10% HP) [potion of mutation]
 35984 | Trove    | Gained mutation: You are clumsy. (Dex -2) [potion of mutation]
 35984 | Trove    | Gained mutation: You are partially covered in molten scales. (AC +2) [potion of mutation]
 35984 | Trove    | Gained mutation: Your spells are a little harder to cast, but a little more powerful. [potion of mutation]
 35985 | Trove    | Lost mutation: You are clumsy. (Dex -2) [potion of mutation]
 35985 | Trove    | Gained mutation: You are resistant to hostile enchantments. (MR+) [potion of mutation]
 35985 | Trove    | Gained mutation: You are agile. (Dex +2) [potion of mutation]
 35986 | Trove    | Lost mutation: Your spells are a little harder to cast, but a little more powerful. [potion of mutation]
 35986 | Trove    | Lost mutation: You are frail. (-10% HP) [potion of mutation]
 35986 | Trove    | Lost mutation: You are agile. (Dex +2) [potion of mutation]
 35986 | Trove    | Lost mutation: You are resistant to hostile enchantments. (MR+) [potion of mutation]
 35986 | Trove    | Gained mutation: You tend to lose your temper in combat. [potion of mutation]
 35986 | Trove    | Gained mutation: Your flesh is cold resistant. (rC+) [potion of mutation]
 35991 | Trove    | Got a twisted chain mail
 36029 | D:15     | Identified the +5 chain mail of Wrong Decisions {rElec rCorr Str+3 Int+4} (You found it in a treasure trove)
 36144 | Vaults:1 | Entered Level 1 of the Vaults
 36253 | Vaults:1 | Noticed Donald
 36279 | Vaults:1 | Killed Donald
 36288 | Vaults:1 | Reached XP level 21. HP: 151/156 MP: 21/21
 36307 | Vaults:1 | Found a burning altar of Makhleb.
 36735 | Vaults:1 | Reached skill level 1 in Dodging
 37829 | Vaults:2 | Paralysed by a chaos spawn for 5 turns
 38502 | Vaults:2 | Reached skill level 5 in Dodging
 38818 | Vaults:2 | Noticed Frederick
 38833 | Vaults:2 | Killed Frederick
 39290 | Vaults:2 | Reached XP level 22. HP: 162/162 MP: 22/22
 39347 | Vaults:2 | Found a staircase to the Crypt.
 40107 | Vaults:3 | Noticed Margery
 40181 | Vaults:3 | Killed Margery
 40185 | Vaults:3 | Paralysed by a wizard for 2 turns
 41345 | Vaults:3 | Found a shadowy altar of Dithmenos.
 42403 | Vaults:4 | Reached XP level 23. HP: 149/167 MP: 11/23
 43747 | Elf:1    | Lost mutation: You tend to lose your temper in combat. [potion of mutation]
 43747 | Elf:1    | Lost mutation: Your flesh is cold resistant. (rC+) [potion of mutation]
 43747 | Elf:1    | Lost mutation: You are partially covered in molten scales. (AC +2) [potion of mutation]
 43747 | Elf:1    | Gained mutation: You have sharp toenails. [potion of mutation]
 43747 | Elf:1    | Gained mutation: You are clumsy. (Dex -2) [potion of mutation]
 43747 | Elf:1    | Gained mutation: Your spells are a little harder to cast, but a little more powerful. [potion of mutation]
 43766 | Elf:1    | Lost mutation: You are clumsy. (Dex -2) [potion of mutation]
 43766 | Elf:1    | Lost mutation: Your spells are a little harder to cast, but a little more powerful. [potion of mutation]
 43766 | Elf:1    | Lost mutation: You have sharp toenails. [potion of mutation]
 43766 | Elf:1    | Gained mutation: You have a somewhat thin skeletal structure. (Dex +2, Stealth) [potion of mutation]
 43766 | Elf:1    | Gained mutation: You have sharp fingernails. [potion of mutation]
 43766 | Elf:1    | Gained mutation: You have sharp toenails. [potion of mutation]
 44053 | Elf:3    | Cast into level 3 of the Abyss (a deep elf sorcerer)
 44113 | Abyss:3  | Found a corrupted altar of Lugonu.
 44130 | Elf:3    | Escaped the Abyss
 44130 | Elf:3    | Splashed by a deep elf sorcerer's acid

Vault maps used:
D:1:      grunt_arrival_lava_bath, serial_forest,
          infiniplex_forest_lined_room_2, infiniplex_forest_straight_1,
          infiniplex_forest_lined_3_way, infiniplex_forest_clump_small
D:2:      minmay_strange_pillars
D:3:      chequers_temple_overflow_minitemple, kennysheep_generic_room_4,
          uniq_sigmund, uniq_terence
D:4:      kennysheep_mini, minmay_temple_entry_glassed_door, nrook_loot_triangle
D:5:      first_bread
D:6:      overflow_temple_1_default, uniq_grinder
D:7:      zin_statuary, the_bakery, minmay_small_thing
D:8:      serial_shops, shop_fountains
D:9:      led_sif_book, tso_metal_star, grunt_gozag_statues
D:10:     cheibrodos_statue_roulette, minmay_lair_entry_grove, serial_shops,
          shop, basic_altar
D:11:     nicolae_barding_shop
D:12:     david_orc_2, serial_bayou_ford_a
D:13:     hangedman_vaults_entry_quadrant_bands
D:14:     lemuel_tele_altar, spider_trap
D:15:     grunt_enter_depths_magical_seal, enter_trove_1,
          small_statue_intersection
Temple:   dshaligram_water_room_temple
Lair:3:   uniq_gastronok
Lair:4:   cheibrodos_lair_river_kwai, minmay_swamp_entry_eels,
          minmay_snake_entry_six_corridors, serial_bayou_shore_b
Lair:5:   grunt_megastairs_5, uniq_kirke
Lair:6:   gammafunk_lair_ancient_temple, minmay_slime_entry_oklob_open,
          lemuel_fruit_fields
Swamp:1:  infiniplex_staircase_pool
Swamp:2:  evilmike_swamp_ruin_house_5, swamp_pool3, uniq_louise
Swamp:3:  evilmike_swamp_ruin_house_3
Swamp:4:  swamp_vile
Snake:1:  dpeg_oklob_gauntlet, serial_shops, shop, serial_bayou_pond_b,
          hangedman_feature_mirror, nicolae_snake_biting_tails
Snake:3:  cheibrodos_snake_lava_hold
Snake:4:  johnstein_snake_rune_scales, special_room, basic_stair_grate_trap,
          uniq_nikola, uniq_saint_roka
Orc:1:    uniq_harold, uniq_josephine
Orc:2:    grunt_orc_community_town_hall, grunt_orc_community_big_house_1,
          grunt_orc_community_big_house_1, grunt_orc_community_house_2,
          grunt_orc_community_house_1, grunt_orc_community_house_2,
          grunt_orc_community_house_2, grunt_orc_community_house_1, basic_altar,
          serial_shops, nicolae_shop_waterfront, nicolae_orc_crystal_geode,
          uniq_maurice
Elf:1:    minmay_elf_demonology, grunt_megastairs_4
Elf:3:    elf_hall, serial_shops, nicolae_shop_temple_entry_statues_fountains,
          serial_glass, glass_columns_b, glass_columns_b
Vaults:1: vaults_room_grunt_arrival_ludios, v_pattern_3, vaults_dpeg_doors,
          vaults_room_fours, vaults_dpeg_diagonal,
          nicolae_vaults_little_squares_5, basic_altar, uniq_donald
Vaults:2: nicolae_vaults_what_the_h, v_misc_29, blue_anna_dwarven_crypt,
          st_star, hangedman_vaults_maws, hangedman_vaults_stream,
          grunt_vaults_hallway_short, grunt_vaults_hallway_short,
          vaults_dpeg_ring, nicolae_vaults_network_star, v_misc_9,
          ontoclasm_vaults_idyll, nicolae_vaults_specimen_jars,
          nicolae_vaults_asterisk, uniq_frederick
Vaults:3: v_misc_3, v_misc_26, nicolae_vaults_little_squares_2, v_misc_26,
          hangedman_vaults_corner_blocks, v_misc_9, v_misc_11,
          ontoclasm_vaults_twist, v_misc_12, vaults_room_hallway,
          grunt_vaults_hallway_short, basic_altar, uniq_margery
Vaults:4: grunt_vaults_focal, v_misc_16, nicolae_vaults_twisting_passages,
          nicolae_vaults_theta, vaults_dpeg_cross, nicolae_vaults_display_case
Abyss:3:  nicolae_abyss_rune_star_stuff, kilobyte_mutagenic_chamber
Trove:    trove_treasure_island

Skill      XL: |  1  2  3  4  5  6  7  8  9 10 11 12 13 14 15 16 17 18 19 20 21 22 23 |
---------------+----------------------------------------------------------------------+-----
Maces & Flails | 3 4 5 6 7 9 11 12 13 14 15 16 | 16.1
Fighting       | 4 5 6 7 9 10 12 14 15 17 19 20 21 23 24 | 24.2
Armour         | 6 8 9 10 12 13 14 15 16 18 19 | 19.8
Shields        | 4 7 10 12 13 14 15 16 18 19 | 19.6
Dodging        | 5 8 9 |  9.4

Action                   |  1- 3 |  4- 6 |  7- 9 | 10-12 | 13-15 | 16-18 | 19-21 | 22-24 || total
-------------------------+-------+-------+-------+-------+-------+-------+-------+-------++-------
Melee: Flail             |   111 |   167 |   391 |   414 |       |       |       |       ||  1083
       Demon whip        |       |       |       |   486 |  1023 |  1921 |  2118 |  1140 ||  6688
Invok: Call Merchant     |       |       |       |       |     1 |     5 |     3 |       ||     9
 Abil: Fly               |       |       |       |       |     1 |       |       |       ||     1
Evoke: Wand              |       |       |       |     1 |     7 |       |       |       ||     8
       Phial of floods   |       |       |       |       |       |     1 |       |       ||     1
       Phantom mirror    |       |       |       |       |       |     1 |       |       ||     1
  Use: Scroll            |     6 |     4 |    10 |     7 |    10 |    21 |     1 |     2 ||    61
       Potion            |     1 |       |     4 |     2 |     3 |    12 |    16 |     3 ||    41
 Stab: Distracted        |       |       |     2 |     5 |     7 |    11 |    19 |     6 ||    50
       Confused          |       |       |       |       |       |       |     2 |       ||     2
  Eat: Chunk             |       |     5 |       |       |       |       |       |       ||     5
       Bread ration      |       |     1 |     2 |     3 |     1 |     6 |       |       ||    13
       Royal jelly       |       |       |       |     1 |     4 |       |     6 |     3 ||    14
       Fruit             |       |       |       |     8 |     5 |     8 |     6 |       ||    27
       Meat ration       |       |       |       |       |       |     1 |     5 |     1 ||     7
Armor: Scale mail        |    57 |    51 |       |       |       |       |       |       ||   108
       Ring mail         |       |       |    62 |       |       |       |       |       ||    62
       Plate armour      |       |       |    93 |       |       |       |       |       ||    93
       Crystal plate arm |       |       |    15 |   433 |   514 |   658 |   679 |   313 ||  2612
Dodge: Dodged            |    27 |    35 |    41 |    16 |    21 |   111 |   113 |   152 ||   516
Block: Shield            |    20 |       |       |       |       |       |       |       ||    20
       Large shield      |    36 |   145 |   282 |   435 |   714 |  1454 |  1336 |   906 ||  5308
       Reflection        |       |       |       |       |     2 |   150 |   136 |    76 ||   364
